 Dungeon Crawl Stone Soup version 0.32-a0-705-g60f233581c (webtiles) character file.

Game seed: 5969056967349018919

161403 cforsyth the Severer (level 17, 0/159 HPs)
             Began as a Mountain Dwarf Cinder Acolyte on Mar 15, 2024.
             Was a High Priest of Ignis.
             Slain by an emperor scorpion (4 damage)
             ... on level 4 of the Spider Nest.
             The game lasted 01:21:12 (44405 turns).

cforsyth the Severer (MDCA)                        Turns: 44405, Time: 01:21:13

Health: 0/159      AC: 36    Str: 23 (27) XL:     17   Next: 20%
Magic:  22/24      EV:  6    Int: 30      God:    Ignis [*****.]
Gold:   1911       SH: 16    Dex:  6 (8)  Spells: 24/26 levels left

rFire   + . .        n - +1 war axe (chaos)
rCold   + + .        E - +5 Storm Queen's Shield {shock, Fly rElec}
rNeg    . . .        N - +7 plate armour of Weirghayc {Int+5}
rPois   .            x - +2 helmet
rElec   +            T - +0 cloak
rCorr   +            e - +1 pair of gloves of Sivax {Stlth+}
SInv    .            y - +2 pair of boots
Will    ++...        j - amulet "Lime" {Acrobat rC+ Str+3} Stlth
                     W - ring of Daamuv {rC+ rCorr Str+6}
HPRegen 0.46/turn    D - ring "Himneumm" {Wiz *Slow Will+ Str+2 Slay+5}
MPRegen 0.19/turn

%: slow self (1%), acrobat, wizardry (x1)
@: lethally poisoned (0 -> -29), flying, studying Ranged Weapons
A: runic magic, artefact enchanting, agile 1, clever 1
a: Renounce Religion, Fiery Armour, Foxfire Swarm, Rising Flame


You were on level 4 of the Spider Nest.
You worshipped Ignis.
Ignis was extremely pleased with you.
You visited 4 branches of the dungeon, and saw 26 of its levels.
You also visited: Bailey, Gauntlet and Volcano.

You collected 3123 gold pieces.
You spent 1212 gold pieces at shops.


Innate Abilities, Weirdness & Mutations

Your spellcasting is much less encumbered by armour.
You can use scrolls of enchantment on lesser artefacts.
You are agile. (Dex +4, Str/Int -1)
Your mind is acute. (Int +4, Str/Dex -1)


   Skills:
 + Level 16.5 Fighting
 + Level 17.8 Axes
 + Level 16.2 Armour
 + Level 13.6 Shields
 - Level 5.2 Spellcasting
 - Level 16.2 Fire Magic


You had 24 spell levels left.
You knew the following spells:

 Your Spells              Type           Power      Damage    Failure   Level
X - Scorch                Fire           100%       2d9       1%          2

Your spell library contained the following spells:

 Spells                   Type           Power      Damage    Failure   Level
 Apportation              Tloc           14%        N/A       6%          1
 Freeze                   Ice            28%        1d5       6%          1
 Necrotise                Necr           28%        1d5       6%          1
 Slow                     Hex            28%        N/A       6%          1
 Sting                    Conj/Alch      28%        1d4       6%          1
 Summon Small Mammal      Summ           28%        N/A       6%          1
 Ensorcelled Hibernation  Hex/Ice        14%        N/A       9%          2
 Call Canine Familiar     Summ           7%         N/A       17%         3
 Confusing Touch          Hex            7%         N/A       17%         3
 Frozen Ramparts          Ice            14%        1d3       17%         3
 Gell's Gravitas          Tloc           7%         N/A       17%         3
 Hailstorm                Conj/Ice       7%         3d5       17%         3
 Passwall                 Erth           7%         N/A       17%         3
 Sigil of Binding         Hex            7%         N/A       17%         3
 Summon Ice Beast         Ice/Summ       7%         N/A       17%         3
 Swiftness                Air            7%         N/A       17%         3
 Teleport Other           Tloc           7%         N/A       17%         3
 Vampiric Draining        Necr           7%         2d6       17%         3
 Anguish                  Hex/Necr       3%         N/A       50%         4
 Cause Fear               Hex            3%         N/A       50%         4
 Dimensional Bullseye     Hex/Tloc       3%         N/A       50%         4
 Iskenderun's Battlesphe  Conj           7%         2d6       82%         5
 Summon Mana Viper        Hex/Summ       7%         N/A       82%         5
 Bombard                  Conj/Erth      3%         9d1       100%        6
 Dispersal                Tloc           3%         N/A       100%        6
 Enfeeble                 Hex            3%         N/A       100%        7
 Monstrous Menagerie      Summ           3%         N/A       100%        7
 Spellforged Servitor     Conj/Summ      3%         N/A       100%        7

Inventory:

Hand Weapons
 n - a +1 war axe of chaos (weapon)
 s - the +4 hand axe of the Sea {flame, Fly rElec Str+5 Dex-3}
   (You bought it in a shop on level 2 of the Orcish Mines)

   Str+5:     It affects your strength (+5).
   Dex-3:     It affects your dexterity (-3).
   rElec:     It insulates you from electricity.
   Fly:       It grants you flight.
Missiles
 h - 2 throwing nets {=f}
Armour
 e - the +1 pair of gloves of Sivax (worn) {Stlth+}
   (You found it on level 3 of the Lair of Beasts)

   Stlth+:    It makes you more stealthy.
 r - the +5 chain mail of Minor Irritation {rC++ Dex+7 Stlth-}
   (You bought it in a shop on level 3 of the Dungeon)

   Dex+7:     It affects your dexterity (+7).
   rC++:      It greatly protects you from cold.
   Stlth-:    It makes you less stealthy.
 x - a +2 helmet (worn)
 y - a +2 pair of boots (worn)
 E - the +5 Storm Queen's Shield (worn) {shock, Fly rElec}
   (You found it in a Gauntlet)

   Shock:     When it blocks an attack, it may electrocute the attacker.
   This works even against foes who are a short distance away.
   rElec:     It insulates you from electricity.
   Fly:       It grants you flight.
 N - the +7 plate armour of Weirghayc (worn) {Int+5}
   (You found it on level 11 of the Dungeon)

   Int+5:     It affects your intelligence (+5).
 T - a +0 cloak (worn)
Jewellery
 j - the amulet "Lime" (around neck) {Acrobat rC+ Str+3}
   (You found it in a Gauntlet)

   [amulet of the acrobat]

   Acrobat:   It increases your evasion while moving and waiting.
   Str+3:     It affects your strength (+3).
   rC+:       It protects you from cold.
 C - a ring of protection from cold
 D - the ring "Himneumm" (right hand) {Wiz *Slow Will+ Str+2 Slay+5}
   (You found it on level 8 of the Dungeon)

   [ring of wizardry]

   Wiz:       It improves your spell success rate.
   Str+2:     It affects your strength (+2).
   Slay+5:    It affects your accuracy & damage with ranged weapons and melee
   (+5).
   Will+:     It increases your willpower.
   *Slow:     It may slow you when you take damage.
 F - a ring of protection from fire
 R - a ring of resist corrosion
 W - the ring of Daamuv (left hand) {rC+ rCorr Str+6}
   (You found it on level 1 of the Orcish Mines)

   [ring of strength]

   Str+6:     It affects your strength (+6).
   rC+:       It protects you from cold.
   rCorr:     It protects you from acid and corrosion.
Wands
 l - a wand of flame (63)
 w - a wand of roots (12)
 I - a wand of light (1)
 J - a wand of mindburst (14)
 S - a wand of paralysis (6)
 V - a wand of polymorph (6)
Scrolls
 d - 4 scrolls of blinking
 f - 8 scrolls of teleportation {@r2}
 g - 8 scrolls of enchant weapon
 i - 6 scrolls of amnesia
 k - 2 scrolls of immolation
 m - 5 scrolls of enchant armour
 o - 5 scrolls of fog
 q - 7 scrolls of silence {!r}
 v - 7 scrolls of poison
 G - 3 scrolls of summoning
 K - 8 scrolls of identify {@r1}
 M - 4 scrolls of fear
 U - 2 scrolls of revelation
 Y - 3 scrolls of noise
Potions
 a - a potion of magic
 b - 3 potions of lignification
 c - 8 potions of heal wounds {@q2}
 p - 3 potions of brilliance
 t - 3 potions of enlightenment
 u - 11 potions of curing {@q1}
 A - 4 potions of attraction
 L - 6 potions of mutation
 P - 8 potions of haste {@q3}
 Q - a potion of resistance
 X - 3 potions of might
Miscellaneous
 B - a tin of tremorstones (2/2)
 H - a lightning rod (inert)
 O - a phial of floods (inert)
 Z - a sack of spiders

Dungeon Overview and Level Annotations

Branches:
Dungeon (15/15)            Temple (0/1) D:4            Lair (5/5) D:8
 Shoals (0/4) Lair:2       Spider (4/4) Lair:3        Slime (0/5) Lair:5
    Orc (2/2) D:12            Elf (0/3) Orc:2        Vaults (0/5) D:13
 Depths (0/4) D:15         Bailey (visited)         Volcano (visited)
Gauntlet (visited)

Altars:
Ashenzari
Dithmenos
Hepliaklqana
Nemelex Xobeh
Qazlal
Uskayaw
Yredelemnul
Beogh
Jiyva

Shops:
D:2 (   D:3 [   D:5 [   D:6 *   D:12 !   Orc:2 =?((

Portals:
Trove: D:14 (give 2 scrolls of acquirement)

Annotations:
Lair:5 2 runed translucent doors, jamsaran's ghost, journeyman DgAl
Orc:1 BeKind's ghost, journeyman OpIE

.....^##^..^#..#^#.#.......#.~..~
......#.^.^.....^.....#.........≈
...^...^..........#...(..........
..................#..^.^.......s.
#.............^..#.....^....###..
......^...............^^#......<.
...#.#........#.......#.^.##.....
...........##^..†.......^##.#...#
#....^.....#^..#@~.......#^......
##....#.....^....s^....^.^..#....
#......^...^###.~~..#......^..^..
##^.^.^................^##.......
##..........#...............##.#
##^.^...^...^...^..^......#####
########################## #


You could see a neutral emperor scorpion (fast, strong, frenzied, combustible,
waterlogged).


Message History

The floor.
Unknown command.
Unknown command.
Aim the phial where?
Press: ? - help, Shift-Dir - straight line, f - emperor scorpion
Aim: an emperor scorpion (severely wounded, fast, strong, frenzied and wild, 83% to hit)
The torrent of water hits the emperor scorpion!!
The emperor scorpion is almost dead.
The emperor scorpion is knocked back by the torrent of water.
The emperor scorpion is engulfed in water.
The wave splashes down.
* * * LOW HITPOINT WARNING * * *
You feel extremely sick.
Unknown command.
Unknown command.
Unknown command.
Casting: Scorch (safe; 1% risk of failure)
Confirm with . or Enter, or press ? or * to list all spells.
Flames lash the emperor scorpion.
The emperor scorpion is almost dead.
The emperor scorpion's fire resistance burns away.
* * * LOW HITPOINT WARNING * * *
You feel extremely sick. The emperor scorpion barely misses you.
You block the emperor scorpion's attack. x2
The emperor scorpion stings you!!
* * * LOW HITPOINT WARNING * * *
The emperor scorpion claws you.
You die...
Ignis goes out, and joins you in death.

Skill      XL: |  1  2  3  4  5  6  7  8  9 10 11 12 13 14 15 16 17 |
---------------+----------------------------------------------------+-----
Axes           | 4 5 6 7 8 10 11 12 14 15 16 17 | 17.8
Armour         | 1 2 3 4 5 6 8 10 11 12 13 14 15 16 | 16.2
Fire Magic     | 4 5 6 7 8 10 11 12 14 15 16 | 16.2
Fighting       | 4 5 6 7 9 10 11 12 14 15 16 | 16.5
Spellcasting   | 2 3 4 5 |  5.2
Shields        | 3 6 8 10 11 13 | 13.6

Action                     |  1- 3 |  4- 6 |  7- 9 | 10-12 | 13-15 | 16-18 || total
---------------------------+-------+-------+-------+-------+-------+-------++-------
  Melee: Hand axe          |    51 |    14 |    56 |       |       |       ||   121
         War axe           |       |       |    17 |   352 |  1135 |   666 ||  2170
   Cast: Scorch            |    16 |    53 |   172 |   281 |    95 |    48 ||   665
  Evoke: Wand              |       |       |     3 |     7 |     6 |     8 ||    24
         Lightning rod     |       |       |       |     7 |     4 |     5 ||    16
         Tin of tremorston |       |       |       |       |     2 |       ||     2
         Sack of spiders   |       |       |       |       |     1 |       ||     1
         Phial of floods   |       |       |       |       |       |     2 ||     2
    Use: Scroll            |       |       |       |    22 |     5 |     3 ||    30
         Potion            |       |       |       |     7 |       |     6 ||    13
   Stab: Invisible         |       |       |       |     1 |       |       ||     1
         Paralysed         |       |       |       |     2 |     2 |     5 ||     9
         Confused          |       |       |       |     1 |     7 |     3 ||    11
         Petrified         |       |       |       |       |     3 |       ||     3
         Distracted        |       |       |       |       |     1 |       ||     1
 Armour: Robe              |    35 |    10 |       |       |       |       ||    45
         Ring mail         |       |     4 |       |       |       |       ||     4
         Chain mail        |       |     7 |   181 |   361 |       |       ||   549
         Plate armour      |       |       |       |   113 |   799 |   629 ||  1541
  Dodge: Dodged            |    42 |    12 |    76 |   159 |   290 |   177 ||   756
  Block: Kite shield       |       |       |       |   103 |   835 |   534 ||  1472

Levels and vault maps discovered:
D:1:      lemuel_arrival_muddy, layout_rooms, minmay_lizard_pond
D:2:      layout_loops_ring, serial_shops, shop, uniq_jessica
D:3:      layout_rooms, nicolae_overflow_hidden_temple, serial_shops,
          shop_statue, kennysheep_generic_room_11, uniq_ijyb
D:4:      layout_loops_ring, minmay_temple_entry_slanted
D:5:      minmay_polygon_palace, layout_basic, mainiacjoe_overflow_brackets,
          serial_shops, nicolae_shop_tiny_real_fake_doors
D:6:      layout_basic, nicolae_ea-nasir_strikes_again
D:7:      layout_loops_corners, lightli_minifort
D:8:      layout_cave_pods, grunt_lair_entry_orc_guard_hut, lightli_orcish_oven
D:9:      layout_loops_ring, enter_bailey_2, uniq_jeremiah
D:10:     layout_loops_ring, nrook_campfire, uniq_snorg
D:11:     layout_basic, gauntlet_entry_generic
D:12:     layout_loops_corners, david_orc_2, serial_shops, shop
D:13:     layout_roguey, skrybe_vaults_entry_preservation
D:14:     layout_irregular_city, nicolae_trove_entry_isolated
D:15:     hangedman_depths_entry_civil_slaughter, layout_loops_ring,
          nicolae_dithmenos_the_darkroom, grunt_qazlal_sundering
Lair:1:   beast_lair_carwin_large_2, layout_regular_city,
          nicolae_volcano_entry_hallway, wad_woods_road_05
Lair:2:   layout_chaotic_city, shoals_dummy_entry, grunt_megastairs_3
Lair:3:   nzn_winding_woodlands_stair_cross [nzn_winding_woodlands_5x15_zeroes,
          nzn_winding_woodlands_center_triple_pond,
          nzn_winding_woodlands_5x15_sidewinder,
          nzn_winding_woodlands_5x5_open_star,
          nzn_winding_woodlands_5x5_perimeter, nzn_winding_woodlands_5x15_eye,
          nzn_winding_woodlands_center_diamonds,
          nzn_winding_woodlands_5x15_garden], layout_gridlike,
          spider_nest_entry_rubble, chequers_serial_rivers_small_3
Lair:4:   layout_cave_shapes, wad_woods_river_01, uniq_rupert
Lair:5:   grunt_lair_end_beastmaster, layout_cave_pods,
          nicolae_slime_entry_field_trip, ebering_ghost_disaster_area,
          chequers_serial_rivers_room_b
Spider:1: layout_spider_delve
Spider:2: layout_cave_pods
Spider:3: layout_chambers, nicolae_spider_checkerboard,
          hangedman_spider_tarantella_strand
Spider:4: grunt_spider_rune_circles
Orc:1:    dreamdust_under_siege, layout_caves,
          gammafunk_ghost_berserking_beasts, nooodl_orcs_dogs, uniq_urug
Orc:2:    st_orc_mages, layout_caves

Notes
Turn   | Place    | Note
-------+----------+-------------------------------------------
     0 | D:1      | cforsyth the Mountain Dwarf Cinder Acolyte began the quest
                  | for the Orb.
     0 | D:1      | Reached XP level 1. HP: 19/19 MP: 2/2
    77 | D:1      | HP: 1/19 [frilled lizard (2)]
    85 | D:1      | HP: 1/19 [frilled lizard (2)]
   279 | D:1      | Reached XP level 2. HP: 5/26 MP: 3/3
   288 | D:1      | Learned a level 2 spell: Scorch
   754 | D:2      | Reached skill level 4 in Axes
   754 | D:2      | Reached skill level 1 in Armour
   754 | D:2      | Reached XP level 3. HP: 25/31 MP: 1/5
   879 | D:2      | Reached skill level 4 in Fire Magic
  1130 | D:2      | Found Cet Ecso's Antique Weapon Shop.
  1398 | D:2      | Noticed Jessica
  1400 | D:2      | Killed Jessica
  1663 | D:3      | Reached XP level 4. HP: 40/40 MP: 2/6
  1665 | D:3      | Noticed Ijyb
  1715 | D:3      | Killed Ijyb
  2048 | D:3      | Found Nyakux's Antique Armour Emporium.
  2051 | D:3      | Reached skill level 4 in Fighting
  2051 | D:3      | Reached skill level 2 in Armour
  2312 | D:3      | Found a sparkling altar of Nemelex Xobeh.
  2312 | D:3      | Found a broken altar of Ashenzari.
  2316 | D:3      | Found a stormy altar of Qazlal.
  2612 | D:3      | Reached skill level 2 in Spellcasting
  2612 | D:3      | Reached XP level 5. HP: 46/46 MP: 2/8
  2774 | D:4      | Noticed a black bear
  2786 | D:4      | Killed a black bear
  2875 | D:4      | Reached XP level 6. HP: 32/53 MP: 0/9
  3140 | D:4      | Found a staircase to the Ecumenical Temple.
  3160 | D:3      | Found a hazy altar of Hepliaklqana.
  3160 | D:3      | Found a hide-covered altar of Uskayaw.
  3239 | D:3      | Bought a steaming chain mail for 199 gold pieces
  3239 | D:3      | Identified the +4 chain mail of Minor Irritation {rC++
                  | Dex+7 Stlth-} (You bought it in a shop on level 3 of the
                  | Dungeon)
  3673 | D:5      | Entered Level 5 of the Dungeon
  3705 | D:5      | Reached skill level 5 in Axes
  3705 | D:5      | Reached skill level 5 in Fire Magic
  3780 | D:4      | Reached skill level 3 in Armour
  3966 | D:5      | Reached XP level 7. HP: 57/60 MP: 4/11
  4354 | D:5      | Reached skill level 5 in Fighting
  4354 | D:5      | Reached skill level 3 in Spellcasting
  4581 | D:5      | You fall into a shaft and drop 1 floor!
  4639 | D:6      | Reached skill level 4 in Armour
  4887 | D:6      | Reached skill level 6 in Fire Magic
  5013 | D:6      | Found Ea-nāṣir's Fine Metal Goods.
  5216 | D:6      | Reached skill level 6 in Axes
  5349 | D:6      | Reached XP level 8. HP: 69/69 MP: 6/13
  6011 | D:5      | Reached skill level 6 in Fighting
  6139 | D:5      | Reached skill level 5 in Armour
  6140 | D:5      | Reached skill level 4 in Spellcasting
  6292 | D:5      | Reached skill level 7 in Fire Magic
  6378 | D:5      | Found a basalt altar of Yredelemnul.
  6474 | D:5      | Reached skill level 7 in Axes
  6931 | D:5      | Reached XP level 9. HP: 76/78 MP: 8/15
  7109 | D:5      | Found Omi Sud's Antique Armour Boutique.
  8012 | D:7      | Reached skill level 7 in Fighting
  8012 | D:7      | Reached skill level 6 in Armour
  8468 | D:7      | Reached skill level 8 in Axes
  8468 | D:7      | Reached skill level 8 in Fire Magic
  8656 | D:7      | Reached skill level 5 in Spellcasting
  9021 | D:8      | Noticed an elephant
  9358 | D:8      | Killed an elephant
  9359 | D:8      | Reached XP level 10. HP: 83/88 MP: 17/17
  9417 | D:8      | Found a staircase to the Lair.
  9428 | D:8      | Reached skill level 7 in Armour
  9553 | D:8      | Reached skill level 8 in Fighting
  9645 | D:8      | Identified the ring "Himneumm" {Wiz *Slow Will+ Str+2
                  | Slay+5}
  9892 | D:8      | Noticed a two-headed ogre
  9901 | D:8      | Killed a two-headed ogre
  9902 | D:8      | Reached skill level 9 in Axes
  9902 | D:8      | Reached skill level 9 in Fire Magic
 11462 | D:9      | Found a flagged portal.
 11464 | D:9      | Noticed a two-headed ogre
 11481 | D:9      | Noticed Jeremiah
 11484 | D:9      | Killed a two-headed ogre
 11485 | D:9      | Reached skill level 9 in Fighting
 11485 | D:9      | Reached skill level 8 in Armour
 11498 | Bailey   | Entered a bailey
 11830 | Bailey   | Noticed an orc knight
 11832 | Bailey   | Identified the +0 robe of Niomopapto {+Blink rPois Will+}
 12023 | Bailey   | Reached skill level 10 in Fire Magic
 12074 | Bailey   | Reached skill level 10 in Axes
 12430 | Bailey   | Killed an orc knight
 12648 | D:9      | Killed Jeremiah
 12649 | D:9      | Reached XP level 11. HP: 88/97 MP: 18/18
 13026 | D:9      | Noticed a two-headed ogre
 13035 | D:9      | Killed a two-headed ogre
 13156 | D:9      | Reached skill level 9 in Armour
 13383 | D:9      | Noticed a two-headed ogre
 13391 | D:9      | Killed a two-headed ogre
 13483 | D:10     | Entered Level 10 of the Dungeon
 13862 | D:10     | Noticed a two-headed ogre
 13869 | D:10     | Killed a two-headed ogre
 13870 | D:10     | Reached skill level 10 in Fighting
 13870 | D:10     | Reached skill level 1 in Shields
 14153 | D:10     | Noticed Snorg
 14161 | D:10     | Killed Snorg
 14162 | D:10     | Reached skill level 11 in Axes
 14162 | D:10     | Reached skill level 11 in Fire Magic
 14433 | D:10     | Reached skill level 2 in Shields
 15241 | D:11     | Found a gate leading to a gauntlet.
 15294 | Gauntlet | Entered a Gauntlet
 15294 | Gauntlet | Found a transporter.
 15294 | Gauntlet | Found a transporter.
 15297 | Gauntlet | Noticed a tengu warrior
 15309 | Gauntlet | Found a transporter.
 15314 | Gauntlet | Found a transporter.
 15318 | Gauntlet | Found a runed translucent door.
 15318 | Gauntlet | Noticed an arcanist
 15320 | Gauntlet | Found a runed translucent door.
 15322 | Gauntlet | Found a transporter.
 15326 | Gauntlet | Found a transporter.
 15328 | Gauntlet | Noticed a purple ugly thing
 15328 | Gauntlet | Noticed a white ugly thing
 15328 | Gauntlet | Noticed a glowing orange brain
 15329 | Gauntlet | Noticed a glowing orange brain
 15330 | Gauntlet | Found a runed translucent door.
 15330 | Gauntlet | Found a runed translucent door.
 15334 | Gauntlet | Found a transporter.
 15352 | Gauntlet | Found a transporter.
 15352 | Gauntlet | Noticed a hell hog
 15356 | Gauntlet | Found a runed translucent door.
 15373 | Gauntlet | Found a transporter.
 15374 | Gauntlet | Found a transporter.
 15375 | Gauntlet | Found the +5 Storm Queen's Shield {shock, Fly rElec}
 15376 | Gauntlet | Found a runed translucent gate.
 15376 | Gauntlet | Found a runed translucent gate.
 15376 | Gauntlet | Found a runed translucent gate.
 15382 | Gauntlet | Found a transporter.
 15386 | Gauntlet | Found a transporter.
 15809 | Gauntlet | Reached skill level 3 in Shields
 16131 | Gauntlet | Gained mutation: You are vulnerable to heat. (rF-) [potion
                  | of mutation]
 16131 | Gauntlet | Gained mutation: You have large cloven feet. [potion of
                  | mutation]
 16131 | Gauntlet | Gained mutation: You are partially covered in iridescent
                  | scales. (AC +2) [potion of mutation]
 16141 | Gauntlet | Killed a hell hog
 16158 | Gauntlet | Reached skill level 10 in Armour
 16197 | Gauntlet | Identified the amulet "Lime" {Acrobat rC+ Str+3}
 16217 | Gauntlet | Identified the +10 great sword "Ython" {flame, rPois Str+4}
 16217 | Gauntlet | Noticed a minotaur
 16226 | Gauntlet | Killed a minotaur
 16227 | Gauntlet | Reached XP level 12. HP: 108/108 MP: 8/19
 16296 | Gauntlet | Identified the staff of Inconvenience {rF+ Dex+4 Hexes
                  | Fire}
 16661 | D:11     | Noticed a centaur warrior
 16667 | D:11     | Killed a centaur warrior
 16668 | D:11     | Reached skill level 4 in Shields
 16949 | D:11     | Identified the +7 plate armour of Weirghayc {Int+5}
 17675 | D:12     | Found a staircase to the Orcish Mines.
 17700 | D:12     | Found Sacw's Distillery.
 17708 | D:12     | Bought a potion of haste for 110 gold pieces
 17708 | D:12     | Bought a potion of berserk rage for 55 gold pieces
 17708 | D:12     | Bought a potion of mutation for 88 gold pieces
 17708 | D:12     | Bought a potion of mutation for 88 gold pieces
 17879 | D:12     | Reached skill level 11 in Fighting
 17879 | D:12     | Reached skill level 12 in Axes
 17879 | D:12     | Reached skill level 12 in Fire Magic
 18475 | D:12     | Reached skill level 5 in Shields
 19071 | Lair:1   | Entered Level 1 of the Lair of Beasts
 19110 | Lair:1   | Found a dark tunnel.
 19123 | Lair:1   | Lost mutation: You are partially covered in iridescent
                  | scales. (AC +2) [potion of mutation]
 19123 | Lair:1   | Lost mutation: You have large cloven feet. [potion of
                  | mutation]
 19123 | Lair:1   | Lost mutation: You are vulnerable to heat. (rF-) [potion of
                  | mutation]
 19123 | Lair:1   | Gained mutation: You are clumsy. (Dex -2) [potion of
                  | mutation]
 19123 | Lair:1   | Gained mutation: You have large cloven feet. [potion of
                  | mutation]
 19125 | Volcano  | Entered a volcano
 19382 | Volcano  | Reached skill level 11 in Armour
 19392 | Volcano  | Reached skill level 6 in Shields
 20031 | Lair:1   | Reached XP level 13. HP: 117/117 MP: 14/20
 20231 | Lair:1   | Identified a potion of resistance
 20635 | Lair:2   | Found a staircase to the Shoals.
 20916 | Lair:2   | Reached skill level 13 in Axes
 20920 | Lair:2   | Reached skill level 13 in Fire Magic
 21067 | Lair:2   | Reached skill level 12 in Fighting
 21597 | Lair:3   | Reached skill level 7 in Shields
 21725 | Lair:3   | Found a hole to the Spider Nest.
 21836 | Lair:3   | Identified the +1 pair of gloves of Sivax {Stlth+}
 22269 | Lair:3   | Reached skill level 12 in Armour
 23002 | Lair:3   | Reached skill level 8 in Shields
 23903 | Lair:4   | Noticed Rupert
 24170 | Lair:4   | Reached skill level 14 in Axes
 24178 | Lair:4   | Reached skill level 14 in Fire Magic
 24178 | Lair:4   | Reached XP level 14. HP: 110/127 MP: 21/21
 24664 | Lair:4   | Killed Rupert
 24665 | Lair:4   | Reached skill level 13 in Fighting
 24996 | Lair:5   | Entered Level 5 of the Lair of Beasts
 25188 | Lair:5   | Found a staircase to the Slime Pits.
 25242 | Lair:5   | Found a viscous altar of Jiyva.
 25701 | Lair:5   | Reached skill level 9 in Shields
 26142 | Lair:5   | Found a large runed translucent door.
 26142 | Lair:5   | Found a large runed translucent door.
 26144 | Lair:5   | Noticed jamsaran's ghost (journeyman DgAl)
 26266 | Lair:5   | Reached skill level 13 in Armour
 26325 | Lair:5   | a deep troll shaman changed into a broodmother
 26325 | Lair:5   | Noticed a broodmother
 26336 | Lair:5   | Killed a broodmother
 26784 | Orc:1    | Entered Level 1 of the Orcish Mines
 26787 | Orc:1    | Found a roughly hewn altar of Beogh.
 27049 | Orc:1    | Noticed Urug
 27065 | Orc:1    | Killed Urug
 27252 | Orc:1    | Found a transporter.
 27256 | Orc:1    | Noticed BeKind's ghost (journeyman OpIE)
 27276 | Orc:1    | Found a transporter.
 27764 | Orc:1    | Reached skill level 10 in Shields
 27770 | Orc:1    | Reached skill level 15 in Axes
 28092 | Orc:1    | Reached skill level 15 in Fire Magic
 28278 | Orc:1    | Identified the ring of Daamuv {rC+ rCorr Str+6}
 28286 | Orc:1    | Identified the +1 lajatang "Kaomih" {elec, Int+5}
 28318 | Orc:2    | Entered Level 2 of the Orcish Mines
 28502 | Orc:2    | Found a staircase to the Elven Halls.
 29302 | Orc:1    | Reached skill level 14 in Fighting
 29302 | Orc:1    | Reached XP level 15. HP: 127/138 MP: 22/22
 30052 | Orc:2    | Found Ajieboh's Antique Weapon Emporium.
 30052 | Orc:2    | Found Jagegash's Antique Weapon Emporium.
 30053 | Orc:2    | Found Fulaoch's Jewellery Shoppe.
 30057 | Orc:2    | Found Nunwopt's Magic Scroll Shoppe.
 30061 | Orc:2    | Bought a fading hand axe for 248 gold pieces
 30061 | Orc:2    | Identified the +4 hand axe of the Sea {flame, Fly rElec
                  | Str+5 Dex-3} (You bought it in a shop on level 2 of the
                  | Orcish Mines)
 30063 | Orc:2    | Bought a scroll of blinking for 120 gold pieces
 30063 | Orc:2    | Bought a scroll of blinking for 120 gold pieces
 30063 | Orc:2    | Bought a scroll of enchant armour for 120 gold pieces
 30063 | Orc:2    | Bought a scroll of fear for 64 gold pieces
 30355 | D:13     | Found a gate to the Vaults.
 31207 | D:14     | Found a portal to a secret trove of treasure.
 31354 | D:14     | Reached skill level 14 in Armour
 31642 | D:14     | Reached skill level 11 in Shields
 32120 | D:15     | Entered Level 15 of the Dungeon
 32813 | D:15     | Found a stormy altar of Qazlal.
 33034 | D:15     | Found a staircase to the Depths.
 33572 | D:15     | Reached skill level 16 in Axes
 33572 | D:15     | Reached skill level 16 in Fire Magic
 33637 | D:15     | Found a shadowy altar of Dithmenos.
 34234 | Spider:1 | Entered Level 1 of the Spider Nest
 35044 | Spider:1 | Reached skill level 15 in Fighting
 35120 | Spider:1 | Reached XP level 16. HP: 128/149 MP: 23/23
 35841 | Spider:1 | Reached skill level 12 in Shields
 36087 | Spider:2 | Gained mutation: You are very clumsy. (Dex -4) [mutagenic
                  | glow]
 36537 | Spider:2 | Reached skill level 15 in Armour
 38316 | Spider:2 | Lost dexterity.
 38510 | Spider:2 | Lost mutation: You are very clumsy. (Dex -4) [potion of
                  | mutation]
 38510 | Spider:2 | Lost mutation: You are clumsy. (Dex -2) [potion of
                  | mutation]
 38510 | Spider:2 | Lost mutation: You have large cloven feet. [potion of
                  | mutation]
 38510 | Spider:2 | Gained mutation: You are agile. (Dex +4, Str/Int -1)
                  | [potion of mutation]
 38510 | Spider:2 | Gained mutation: Your mind is acute. (Int +4, Str/Dex -1)
                  | [potion of mutation]
 38582 | Spider:2 | Reached skill level 17 in Axes
 40436 | Spider:4 | Entered Level 4 of the Spider Nest
 40777 | Spider:4 | Reached skill level 16 in Fighting
 40780 | Spider:4 | Reached skill level 13 in Shields
 42703 | Spider:4 | Reached XP level 17. HP: 158/158 MP: 24/24
 42913 | Spider:4 | Reached skill level 16 in Armour
 44405 | Spider:4 | HP: 4/159 [emperor scorpion (31)]
 44405 | Spider:4 | Slain by an emperor scorpion

Vanquished Creatures
  Rupert (Lair:4)
  4 ghost moths
  5 emperor scorpions
  An ironbound preserver (D:13)
  2 broodmothers
  3 spark wasps
  A minotaur (Gauntlet)
  Snorg (D:10)
  An ettin (D:15)
  An entropy weaver (Spider:4)
  8 hydras
  3 radroaches
  An ogre mage (D:15)
  4 centaur warriors
  10 two-headed ogres
  A hell hog (Gauntlet)
  2 catoblepae
  5 boulder beetles
  A satyr (Orc:1)
  6 demonic crawlers
  3 orc high priests
  8 death yaks
  2 tengu warriors
  Urug (Orc:1)
  4 pharaoh ants
  A sea snake (shapeshifter) (D:13)
  A deep troll (D:15)
  9 orb spiders
  4 skeletal warriors (Volcano)
  A sun moth (Spider:3)
  An anaconda skeleton (Volcano)
  A lindwurm (Lair:5)
  2 orc knights
  7 ugly things (D:15)
  4 necromancers
  11 steelbarb worms
  6 deep elf pyromancers
  3 manticores (D:13)
  3 alligator skeletons (Volcano)
  7 moths of wrath
  17 wolf spiders
  3 orc sorcerers (Orc:2)
  3 meliai (D:15)
  8 cyclopes
  11 elephants
  4 kobold blastminers (Orc:1)
  2 black mambas
  4 gargoyles
  10 cane toads
  6 torpor snails
  2 unseen horrors
  A yaktaur (D:15)
  3 rime drakes
  A kobold demonologist (D:9)
  Jeremiah (D:9)
  A freezing wraith (D:14)
  10 komodo dragons
  3 tengu conjurers
  4 polar bears
  A queen bee (Lair:5)
  2 queen bees (shapeshifter)
  4 trolls
  22 tarantellas
  A glass eye (D:15)
  A hornet (D:7)
  10 dream sheep
  An ettin zombie (Orc:1)
  16 blink frogs
  28 jumping spiders
  23 culicivoras
  21 slime creatures
  29 yaks
  2 shadows
  6 wyverns
  3 wraiths
  55 redbacks
  A golden eye (D:14)
  3 basilisks
  11 wargs (Orc:1)
  4 fire bats (Gauntlet)
  9 vampire mosquitoes
  2 steam dragons
  A harpy simulacrum (D:15)
  2 acid dragons
  15 water moccasins
  3 hell hounds (Gauntlet)
  6 black bears
  A sky beast (D:7)
  38 orc warriors
  5 laughing skulls
  2 orc zombies (Orc:1)
  24 wolves
  A crocodile (Lair:3)
  5 centaurs
  13 ogres
  A phantom (D:5)
  2 kobold brigands (D:6)
  A weeping skull (Volcano)
  A kobold zombie (Orc:1)
  15 bullfrogs
  3 gnoll sergeants
  2 cyclops zombies (Orc:1)
  5 scorpions
  A cyclops skeleton (Orc:1)
  5 wights (D:10)
  12 killer bees
  2 troll skeletons
  2 electric eels
  5 howler monkeys
  4 bombardier beetles
  6 hounds
  7 jellies
  36 orc priests
  A gnoll bouda (D:8)
  2 sleepcaps
  Jessica (D:2)
  Ijyb (D:3)
  7 iguanas
  37 orc wizards
  A naga skeleton (Volcano)
  An ogre skeleton (Orc:1)
  28 gnolls
  5 adders
  3 orc skeletons (Orc:1)
  A shadow imp (D:7)
  A white imp (D:6)
  2 ufetubi (D:6)
  2 ribbon worms
  99 orcs
  An orc simulacrum (Orc:1)
  6 ball pythons
  3 endoplasms
  A giant cockroach (D:2)
  2 goblins (D:3)
  5 hobgoblins
  3 quokkas
  2 bats
  10 frilled lizards
  26 kobolds
  3 rats
969 creatures vanquished.

Vanquished Creatures (collateral kills)
  A wolf (Lair:1)
  An orc (Orc:1)
2 creatures vanquished.

Vanquished Creatures (others)
  A redback zombie (Spider:2)
  A laughing skull (Volcano)
  A centaur zombie (D:13)
  An orc wizard (D:7)
4 creatures vanquished.

Grand Total: 975 creatures vanquished

Table legend: (Time is in decaauts)
 A = Elapsed time spent in this place.
 B = Non-inter-level travel time spent in this place.
 C = Inter-level travel time spent in this place.
 D = Time resting spent in this place.
 E = Time spent auto-exploring this place.
 F = Levels seen in this place.
 G = Mean time per level.
                   A        B        C        D        E       F      G
               +--------+--------+--------+--------+--------+-----+--------+
         Total |  44303 |  42713 |   1590 |  11418 |  23260 |  29 | 1527.7 |
       Dungeon |  20961 |  19913 |   1048 |   2969 |  13656 |  15 | 1397.4 |
          Lair |   7150 |   6797 |    353 |    992 |   4684 |   5 | 1430.0 |
   Spider Nest |   9895 |   9788 |    107 |   4800 |   3378 |   4 | 2473.8 |
  Orcish Mines |   3445 |   3365 |     80 |   1536 |    998 |   2 | 1722.5 |
        Bailey |   1123 |   1123 |      0 |    487 |    145 |   1 | 1123.0 |
       Volcano |    713 |    713 |      0 |    144 |    295 |   1 |  713.0 |
      Gauntlet |   1012 |   1012 |      0 |    488 |    104 |   1 | 1012.0 |
               +--------+--------+--------+--------+--------+-----+--------+

Top non-repeatable levels by time:
Spider:3: 2779 daAuts
Spider:4: 2616 daAuts
Spider:2: 2543 daAuts
   Orc:1: 2401 daAuts
     D:5: 2114 daAuts
     D:8: 2096 daAuts
     D:7: 2048 daAuts
  Lair:3: 2047 daAuts
Spider:1: 1956 daAuts
    D:14: 1742 daAuts
    D:12: 1657 daAuts
    D:10: 1649 daAuts
  Lair:5: 1538 daAuts
  Lair:4: 1506 daAuts
     D:6: 1393 daAuts

Table legend:
 A = Non-vault XP
 B = Vault XP
 C = Vault XP percentage of total XP
 D = Non-vault monster count
 E = Vault monster count
 F = Vault count percentage of total count
                 A         B        C        D         E       F
            +---------+---------+-------+---------+---------+-------
      Total |  151285 |   79291 |  34.4 |     637 |     334 |  34.4
            +---------+---------+-------+---------+---------+-------
        D:1 |      18 |       6 |  25.0 |       4 |       6 |  60.0
        D:2 |      34 |      37 |  52.1 |      13 |       1 |   7.1
        D:3 |     104 |      40 |  27.8 |      19 |       3 |  13.6
        D:4 |     212 |       0 |   0.0 |       6 |       0 |   0.0
        D:5 |     894 |     923 |  50.8 |      19 |      16 |  45.7
        D:6 |     588 |      45 |   7.1 |      19 |       1 |   5.0
        D:7 |    1647 |     207 |  11.2 |      31 |       5 |  13.9
        D:8 |    1712 |    1337 |  43.9 |      24 |      13 |  35.1
        D:9 |    4639 |     358 |   7.2 |      22 |       1 |   4.3
       D:10 |    2527 |     953 |  27.4 |      31 |       1 |   3.1
       D:11 |    2228 |       0 |   0.0 |      11 |       0 |   0.0
       D:12 |    4287 |     284 |   6.2 |      15 |       7 |  31.8
       D:13 |    5598 |    5713 |  50.5 |      19 |       9 |  32.1
       D:14 |   12580 |     634 |   4.8 |      36 |       1 |   2.7
       D:15 |   13461 |    2352 |  14.9 |      24 |       4 |  14.3
     Lair:1 |    3696 |     622 |  14.4 |      17 |       6 |  26.1
     Lair:2 |    3605 |     844 |  19.0 |      14 |       4 |  22.2
     Lair:3 |    7689 |    6548 |  46.0 |      25 |      18 |  41.9
     Lair:4 |    9453 |    2635 |  21.8 |      29 |       5 |  14.7
     Lair:5 |    5256 |   11759 |  69.1 |      23 |      28 |  54.9
   Spider:1 |   16737 |       0 |   0.0 |      38 |       0 |   0.0
   Spider:2 |   21222 |       0 |   0.0 |      55 |       0 |   0.0
   Spider:3 |   13603 |    2884 |  17.5 |      39 |       4 |   9.3
   Spider:4 |   13070 |   14996 |  53.4 |      34 |      31 |  47.7
      Orc:1 |    3527 |   10130 |  74.2 |      43 |      60 |  58.3
      Orc:2 |    2898 |    3977 |  57.8 |      27 |      50 |  64.9
     Bailey |       0 |    1487 | 100.0 |       0 |      28 | 100.0
    Volcano |       0 |    6117 | 100.0 |       0 |      15 | 100.0
   Gauntlet |       0 |    4403 | 100.0 |       0 |      17 | 100.0
            +---------+---------+-------+---------+---------+-------
